Map: Kairos Junction LE

Players

llllllllllll - Winner!

  • Race: Protoss Protoss
  • League: Master
  • Spawn Location: 5:00

SerjMSU

  • Race: Protoss Protoss
  • League: Diamond
  • Spawn Location: 11:00

VOD

Have the link to the VOD?

Description

Time

  • Played on: Feb. 28, 2019, 1:43 a.m.
  • Length: 4:32
Show
View Real Time Build Order
Export as new Build Order

llllllllllll Protoss - Winner!

Build Orders:  

Get SALT Encoding   

  12  0:01  Probe  
  13  0:13  Probe  
  14  0:19  Pylon  
  14  0:25  Probe  
  15  0:36  Probe  
  15  0:41  Forge  
  16  0:44  Probe  
  16  0:49  Assimilator  
  17  1:00  Pylon  
  17  1:05  Probe  
  18  1:19  Gateway  
  17  1:47  Pylon  
  17  1:48  Pylon  
  17  1:50  Pylon  
  17  1:54  Probe  
  18  2:05  Photon Cannon  
  17  2:21  Photon Cannon  
  17  2:35  Photon Cannon  
  17  2:37  Photon Cannon  
  16  2:46  Probe  
  16  2:58  Probe  
  17  3:10  Probe  
  18  3:22  Probe, Photon Cannon  
  17  3:34  Probe  
  17  3:40  Photon Cannon  
  17  3:46  Probe  
  18  3:51  Photon Cannon  
  18  3:58  Probe  
  19  4:09  Photon Cannon  
  19  4:10  Probe  
Show
View Real Time Build Order
Export as new Build Order

SerjMSU Protoss 

Build Orders:  

Get SALT Encoding   

  12  0:00  Probe  
  13  0:12  Probe  
  14  0:17  Pylon  
  14  0:25  Probe  
  15  0:34  Probe  
  15  0:35  Gateway  
  15  0:42  Probe  
  16  0:48  Assimilator  
  17  0:54  Probe  
  17  0:56  Assimilator  
  18  1:17  Gateway  
  18  1:30  Cybernetics Core  
  18  1:33  Probe  
  21  1:40  Zealot  
  21  1:43  Pylon  
  21  1:50  Pylon  
  21  1:58  Stalker  
  23  2:23  Shield Battery  
  23  2:36  Pylon  
  23  2:41  Stalker  
  23  2:50  Shield Battery  
  19  2:55  Probe  
  17  3:07  Probe  
Tags
 
Add a new tag
Caveats
  • Supply blocks, unpowered buildings, or Contaminate may cause inaccurate times.
  • Supply counts are checked every 10 seconds.